 Dungeon Crawl Stone Soup version 0.30-a0-605-gb2882149bf (webtiles) character file.

Game seed: 12152689006396850906

27653 Pooter the Warrior (level 13, -10/126 HPs)
             Began as a Minotaur Berserker on Jan 6, 2023.
             Was an Elder of Trog.
             Mangled by Rupert
             ... wielding a +6 great mace of protection
              (38 damage)
             ... on level 4 of the Lair of Beasts on Jan 8, 2023.
             The game lasted 01:41:46 (14899 turns).

Pooter the Warrior (Minotaur Berserker)            Turns: 14899, Time: 01:41:47

Health: -10/126    AC: 19    Str: 30    XL:     13   Next: 5%
Magic:  12/12      EV:  8    Int:  6    God:    Trog [****..]
Gold:   1136       SH:  0    Dex: 11    Spells: 12/12 levels left

rFire   . . .      SeeInvis +    a - +3 flail (heavy)
rCold   + . .      Faith    .    (no shield)
rNeg    . . .      Spirit   .    X - +2 plate armour {rPois}
rPois   +          Reflect  .    M - +0 mask of the Dragon {Will+ Slay+3 SInv}
rElec   .          Harm     .    E - +2 cloak {rCorr}
rCorr   +          Rampage  .    (no gloves)
Will    +....                    z - +1 pair of boots Stlth
                                 A - amulet of regeneration
HPRegen 1.21/turn                I - ring of protection from cold
MPRegen 0.13/turn                S - +6 ring of strength

@: on berserk cooldown, slowed, studying Fighting, very slow
A: horns 2, retaliatory headbutt
a: Renounce Religion, Berserk, Trog's Hand, Brothers in Arms


You were on level 4 of the Lair of Beasts.
You worshipped Trog.
Trog was greatly pleased with you.
You visited 3 branches of the dungeon, and saw 16 of its levels.

You collected 1733 gold pieces.
You spent 597 gold pieces at shops.

Inventory:

Hand Weapons
 a - a +3 heavy flail (weapon)
   (You took it off Edmund on level 5 of the Dungeon)
 b - the +4 arbalest "Ythri" {flame, Will+ Dex+2}
   (You bought it in a shop on level 2 of the Orcish Mines)

   Dex:       It affects your dexterity (+2).
   Will:      It increases your willpower.
 j - a +0 battleaxe
   (You took it off an orc warrior on level 2 of the Orcish Mines)
 U - a +3 halberd
   (You found it on level 8 of the Dungeon)
Missiles
 l - 2 curare-tipped darts
 B - 10 boomerangs (quivered)
 C - 32 poisoned darts
 J - 3 silver boomerangs
 N - a throwing net {!f}
 Q - 166 stones
 W - 2 javelins
Armour
 k - a +0 kite shield
   (You took it off a gnoll sergeant on level 10 of the Dungeon)
 r - a +4 scale mail of fire resistance
   (You took it off Terence on level 2 of the Dungeon)
 z - a +1 pair of boots (worn)
   (You found it on level 10 of the Dungeon)
 E - a +2 cloak of preservation (worn)
   (You bought it in a shop on level 2 of the Orcish Mines)
 L - a +0 pair of gloves
   (You found it on level 2 of the Lair of Beasts)
 M - the +0 mask of the Dragon (worn) {Will+ Slay+3 SInv}
   (You acquired it on level 8 of the Dungeon)

   Slay:      It affects your accuracy & damage with ranged weapons and melee
   (+3).
   SInv:      It lets you see invisible.
   Will:      It increases your willpower.
 X - a +2 plate armour of poison resistance (worn)
   (You took it off an orc warrior on level 8 of the Dungeon)
Jewellery
 A - an amulet of regeneration (around neck)
   (You found it on level 4 of the Dungeon)
 I - a ring of protection from cold (left hand)
   (You found it on level 1 of the Dungeon)
 K - an amulet of the acrobat
   (You found it on level 6 of the Dungeon)
 P - a ring of poison resistance
   (You found it on level 1 of the Lair of Beasts)
 S - a +6 ring of strength (right hand)
   (You found it on level 1 of the Dungeon)
 Y - a +6 ring of intelligence
   (You found it on level 6 of the Dungeon)
Wands
 f - a wand of flame (23)
   (You took it off a wight on level 7 of the Dungeon)
 p - a wand of charming (8)
   (You found it on level 2 of the Dungeon)
 u - a wand of mindburst (11)
   (You found it on level 3 of the Lair of Beasts)
 D - a wand of digging (4)
   (You found it on level 8 of the Dungeon)
 O - a wand of roots (3)
   (You took it off Maurice on level 9 of the Dungeon)
 V - a wand of quicksilver (13)
   (You found it on level 8 of the Dungeon)
 Z - a wand of polymorph (8)
   (You found it on level 9 of the Dungeon)
Scrolls
 d - 5 scrolls of magic mapping
 i - 6 scrolls of fear
 n - a scroll of poison {unknown}
 q - a scroll of noise {!r}
 t - 2 scrolls of teleportation {@r4}
 y - a scroll of torment {!r}
 F - a scroll of summoning
 G - a scroll of fog {unknown}
 R - a scroll of vulnerability {!r}
Potions
 c - a potion of attraction {unknown}
 e - 2 potions of might {unknown}
 g - 3 potions of heal wounds {@q2}
 h - 4 potions of lignification {!q}
 m - 11 potions of curing {@q1}
 o - 3 potions of mutation {!q}
 s - 7 potions of ambrosia
 v - 3 potions of flight
 w - 3 potions of cancellation
 x - a potion of berserk rage {unknown}
 H - a potion of brilliance {unknown}
 T - a potion of invisibility


   Skills:
 + Level 15.0 Fighting
 - Level 13.5(14.8) Axes
 * Level 9.8(13.0) Maces & Flails
 * Level 10.8 Ranged Weapons
 + Level 4.2 Armour
 - Level 2.1 Dodging
 - Level 7.2 Stealth
 + Level 7.1 Evocations


You had 12 spell levels left.
You didn't know any spells.
Your spell library was empty.

Dungeon Overview and Level Annotations

Branches:
Dungeon (10/15)            Temple (0/1) D:6            Lair (4/5) D:9
  Swamp (0/4) Lair:2       Spider (0/4) Lair:2          Orc (2/2) D:10
    Elf (0/3) Orc:2
  Slime: Lair:4-5

Altars:
Ashenzari
Okawaru
Sif Muna
Uskayaw
Zin

Shops:
Orc:1 :   Orc:2 ([:[

Annotations:
Lair:1 3 runed translucent doors, lotum's ghost, journeyman DrAE
Lair:4 Rupert


Innate Abilities, Weirdness & Mutations

You have a pair of horns on your head.
You reflexively headbutt those who attack you in melee.


Message History

There is a stone staircase leading up here.
Found a potion of curing.
m - 11 potions of curing {@q1} (gained 1)
Found a scroll of teleportation.
t - 2 scrolls of teleportation {@r4} (gained 1) Rupert the Wild comes into view.
He is wielding a +6 great mace of protection.
Rupert shouts!
Rupert roars wildly at you. You resist with almost no effort.
The +4 arbalest "Ythri" {flame, Will+ Dex+2} stops flaming.
a - a +3 heavy flail (weapon)
A red film seems to cover your vision as you go berserk!
You feel yourself moving faster!
You feel mighty! Rupert roars wildly at you.
You suddenly lose the ability to move!
Rupert roars wildly at you.
You shrug off the repeated paralysis!
Rupert yells loudly at you.
You easily resist.
Rupert roars madly and goes into a rage!
Rupert goes berserk!
You can move again.
You barely miss Rupert. You headbutt Rupert, but do no damage.
Rupert hits you with a +6 great mace of protection!!!
You thump Rupert! Rupert hits you but does no damage.
You hit Rupert. Your headbutt misses Rupert.
Rupert hits you with a +6 great mace of protection!!!
You pound Rupert like an anvil!!!
Rupert hits you with a +6 great mace of protection!!
* * * LOW HITPOINT WARNING * * *
You thump Rupert! Rupert hits you but does no damage.
You hit Rupert.
Rupert hits you with a +6 great mace of protection!
* * * LOW HITPOINT WARNING * * *
You hit Rupert. You headbutt Rupert!
Rupert hits you with a +6 great mace of protection!
* * * LOW HITPOINT WARNING * * *
You hit Rupert but do no damage. You headbutt Rupert. Rupert barely misses you.
You hammer Rupert like a gong!!!
Rupert hits you with a +6 great mace of protection!!
* * * LOW HITPOINT WARNING * * *
You sock Rupert! You headbutt Rupert!!
Rupert hits you with a +6 great mace of protection!
* * * LOW HITPOINT WARNING * * *
You thump Rupert!
You are no longer berserk.
You are exhausted.
You feel yourself slow down.
Rupert hits you with a +6 great mace of protection!!!
You die...

.....##..#
#...##P.##
#........#
#.......##
#...##..##
##.# #...#
.#. ###.##
#...#.#..#
.......@##
##.##.##@.#
## ###


You could see Rupert (berserk).

Vanquished Creatures
  Jorgrun (Orc:2)
  An orc warlord (Orc:1)
  Josephine (Orc:1)
  Snorg (D:10)
  A hydra (Lair:3)
  A centaur warrior (D:9)
  A two-headed ogre (D:8)
  A boulder beetle (D:9)
  Pikel (D:6)
  An orc knight (Orc:1)
  Maurice (D:9)
  3 cane toads
  2 rime drakes
  4 komodo dragons
  A kobold demonologist (D:10)
  5 trolls
  A queen bee (Lair:2)
  Grinder (D:4)
  7 polar bears
  Prince Ribbit (D:8)
  A shadow (D:10)
  3 culicivoras (Lair:2)
  14 yaks
  4 wraiths
  2 wyverns
  2 vampire mosquitoes (D:10)
  3 wargs
  Menkaure (D:4)
  Edmund (D:5)
  9 water moccasins
  Pargi (D:4)
  5 black bears
  24 orc warriors
  9 ogres
  2 sky beasts
  A boggart (Orc:2)
  7 wolves
  8 centaurs
  8 bullfrogs
  5 kobold brigands
  Blork the orc (D:4)
  3 gnoll sergeants
  7 wights (D:7)
  23 killer bees
  4 hounds
  3 jellies
  20 orc priests
  Terence (D:2)
  24 orc wizards
  5 iguanas
  18 gnolls
  6 adders
  A shadow imp (D:6)
  3 white imps
  A worm (D:3)
  A dart slug (D:5)
  64 orcs
  8 bats
  3 endoplasms
  4 giant cockroaches
  7 goblins
  6 hobgoblins
  3 jackals (D:1)
  10 kobolds
  4 quokkas
  6 ball pythons
  4 frilled lizards
386 creatures vanquished.

Vanquished Creatures (collateral kills)
  A centaur (D:9)
  2 orc priests (Orc:2)
  An orc wizard (D:9)
  2 orcs
6 creatures vanquished.

Vanquished Creatures (others)
  A two-headed ogre (D:9)
  3 orc warriors (Orc:2)
  4 killer bees (Lair:2)
  A gnoll (D:5)
  4 fungi
  14 plants
27 creatures vanquished.

Grand Total: 419 creatures vanquished

Notes
Turn   | Place    | Note
-------+----------+-------------------------------------------
     0 | D:1      | Pooter the Minotaur Berserker began the quest for the Orb.
     0 | D:1      | Reached XP level 1. HP: 19/19 MP: 0/0
   274 | D:1      | Reached XP level 2. HP: 18/27 MP: 1/1
   275 | D:1      | Reached skill level 4 in Fighting
   599 | D:2      | Reached skill level 1 in Stealth
   739 | D:2      | Reached XP level 3. HP: 25/33 MP: 2/2
   955 | D:2      | You fall into a shaft and drop 2 floors!
  1128 | D:2      | Noticed Terence
  1141 | D:2      | Reached ** piety under Trog
  1161 | D:2      | Killed Terence
  1280 | D:2      | Reached XP level 4. HP: 41/41 MP: 3/3
  1686 | D:3      | Reached skill level 1 in Ranged Weapons
  2064 | D:4      | Noticed Pargi
  2083 | D:4      | Killed Pargi
  2084 | D:4      | Reached skill level 5 in Fighting
  2084 | D:4      | Reached XP level 5. HP: 48/48 MP: 4/4
  2210 | D:4      | Noticed Grinder
  2634 | D:4      | Killed Grinder
  2635 | D:4      | Reached skill level 6 in Fighting
  2635 | D:4      | Reached skill level 5 in Axes
  2635 | D:4      | Reached XP level 6. HP: 57/57 MP: 5/5
  2675 | D:4      | Noticed a sky beast
  2891 | D:4      | Killed a sky beast
  2959 | D:4      | Reached XP level 7. HP: 64/64 MP: 6/6
  3265 | D:4      | Noticed Blork the orc
  3275 | D:4      | Killed Blork the orc
  3276 | D:4      | Reached skill level 7 in Fighting
  3295 | D:4      | Noticed Menkaure
  3301 | D:4      | Killed Menkaure
  3836 | D:5      | Entered Level 5 of the Dungeon
  3955 | D:5      | Noticed Edmund
  3961 | D:5      | Killed Edmund
  3962 | D:5      | Reached skill level 8 in Fighting
  3962 | D:5      | Reached XP level 8. HP: 74/74 MP: 7/7
  4091 | D:5      | Reached skill level 1 in Maces & Flails
  4196 | D:5      | Reached skill level 1 in Evocations
  4454 | D:6      | Found an iron altar of Okawaru.
  4478 | D:6      | Found a staircase to the Ecumenical Temple.
  4493 | D:6      | Noticed Pikel
  4497 | D:6      | Killed Pikel
  4498 | D:6      | Reached skill level 9 in Fighting
  4498 | D:6      | Reached skill level 5 in Ranged Weapons
  4498 | D:6      | Reached skill level 5 in Stealth
  4498 | D:6      | Reached XP level 9. HP: 83/83 MP: 8/8
  5251 | D:7      | Found a hide-covered altar of Uskayaw.
  5783 | D:7      | Reached skill level 10 in Fighting
  5815 | D:7      | Found a broken altar of Ashenzari.
  6105 | D:7      | Upgraded the game from 0.30-a0-596-g0af90f9a20 to
                  | 0.30-a0-605-gb2882149bf
  6106 | D:8      | Noticed Prince Ribbit
  6106 | D:8      | Noticed a two-headed ogre
  6193 | D:8      | Found a shimmering blue altar of Sif Muna.
  6194 | D:8      | Found a glowing silver altar of Zin.
  6330 | D:8      | Killed a two-headed ogre
  6402 | D:8      | Killed Prince Ribbit
  6403 | D:8      | Reached XP level 10. HP: 94/94 MP: 9/9
  6634 | D:8      | Identified a scroll of acquirement
  6634 | D:8      | Acquired the +0 mask of the Dragon {Will+ Slay+3 SInv}
  6634 | D:8      | Found the +0 mask of the Dragon {Will+ Slay+3 SInv}
  7099 | D:9      | Reached skill level 5 in Maces & Flails
  7118 | D:9      | Noticed a boulder beetle
  7124 | D:9      | Reached skill level 11 in Fighting
  7135 | D:9      | Killed a boulder beetle
  7136 | D:9      | Reached skill level 10 in Axes
  7183 | D:9      | Found a staircase to the Lair.
  7213 | D:9      | Noticed Maurice
  7232 | D:9      | Killed Maurice
  7510 | D:9      | Noticed a two-headed ogre
  7577 | D:9      | Identified the +0 scale mail of Hangman {Will+ Int+3}
  7715 | D:9      | Noticed a centaur warrior
  7722 | D:9      | Killed a centaur warrior
  8097 | D:10     | Entered Level 10 of the Dungeon
  8123 | D:10     | Found a staircase to the Orcish Mines.
  8127 | D:10     | Reached skill level 12 in Fighting
  8127 | D:10     | Reached XP level 11. HP: 57/104 MP: 10/10
  8334 | D:10     | Noticed a soul eater
  8642 | D:10     | Noticed Snorg
  8651 | D:10     | Killed Snorg
  8652 | D:10     | Reached skill level 5 in Evocations
  8979 | Orc:1    | Entered Level 1 of the Orcish Mines
  9313 | Orc:2    | Entered Level 2 of the Orcish Mines
  9313 | Orc:2    | Found a staircase to the Elven Halls.
  9424 | Orc:2    | Found Qaxirr's Book Shop.
  9507 | Orc:2    | Noticed Jorgrun
  9524 | Orc:2    | Killed Jorgrun
  9525 | Orc:2    | Reached skill level 13 in Fighting
  9527 | Orc:2    | Found Puan's Armour Emporium.
 10177 | Orc:2    | Bought a +2 cloak of preservation for 322 gold pieces
 10628 | Orc:1    | Noticed Josephine
 10636 | Orc:1    | Killed Josephine
 10722 | Orc:1    | Found Hurch's Book Boutique.
 11258 | Orc:2    | Noticed an orc warlord
 11258 | Orc:2    | Noticed an orc knight
 11324 | Orc:1    | Killed an orc warlord
 11325 | Orc:1    | Reached XP level 12. HP: 40/115 MP: 11/11
 12021 | Orc:2    | Found Alifob's Antique Weapon Shop.
 12023 | Orc:2    | Found Zydwur Dein's Antique Armour Boutique.
 12030 | Orc:2    | Bought an encrusted arbalest for 275 gold pieces
 12030 | Orc:2    | Identified the +4 arbalest "Ythri" {flame, Will+ Dex+2}
                  | (You bought it in a shop on level 2 of the Orcish Mines)
 12244 | Lair:1   | Entered Level 1 of the Lair of Beasts
 12268 | Lair:1   | Reached skill level 14 in Fighting
 12435 | Lair:1   | Found a runed translucent gate.
 12435 | Lair:1   | Found a runed translucent gate.
 12435 | Lair:1   | Found a runed translucent gate.
 12449 | Lair:1   | Noticed lotum's ghost (journeyman DrAE)
 12657 | Lair:1   | Reached *** piety under Trog
 13103 | Lair:2   | Found a hole to the Spider Nest.
 13143 | Lair:2   | Found a staircase to the Swamp.
 13210 | Lair:2   | Reached skill level 10 in Ranged Weapons
 13783 | Lair:2   | Identified the +4 scale mail of Hangman {+Blink rElec rF+
                  | rCorr Dex-4}
 14062 | Lair:3   | Reached **** piety under Trog
 14255 | Lair:3   | Reached XP level 13. HP: 114/125 MP: 12/12
 14390 | Lair:3   | Reached skill level 15 in Fighting
 14883 | Lair:4   | Noticed Rupert
 14885 | Lair:4   | Paralysed by Rupert for 4 turns
 14899 | Lair:4   | Mangled by Rupert

Illustrated notes

Levels and vault maps discovered:
D:1:      lightli_arrival_farm, layout_rooms
D:2:      layout_basic, feat_on_display, uniq_terence
D:3:      layout_loops_cross
D:4:      cheibrodos_old_hovel, layout_loops_corners, minmay_manual_mail,
          uniq_menkaure, uniq_grinder, uniq_blork_the_orc, uniq_pargi
D:5:      layout_rooms, uniq_edmund
D:6:      layout_gridville, okawaru_metal_pillars_3,
          minmay_temple_entry_sparse_star, minmay_pentangle, uniq_pikel
D:7:      layout_basic, mainiacjoe_overflow_brackets, nicolae_uskayaw_dance_hall
D:8:      layout_gridville, minitemple, uniq_prince_ribbit1
D:9:      layout_loops_ring, erik_lair_orcish_takeover, uniq_maurice
D:10:     layout_roguey, kennysheep_orc_monster_closet_entryway,
          blue_anna_alchemist, uniq_snorg
Lair:1:   beast_lair_carwin_large_1, layout_regular_city, gammafunk_ghost_icy,
          infiniplex_staircase_pool_2, lemuel_fruit_tree
Lair:2:   layout_gridlike, swamp_mist, hellmonk_spider_entry_life_and_decay,
          special_room [special_room_bee]
Lair:3:   layout_roguey, lemuel_fruit_fields
Lair:4:   beast_lair_carwin_large_2, layout_regular_city, serial_bayou_shore_a,
          uniq_rupert
Orc:1:    layout_caves, serial_shops, nicolae_shop_crystal, uniq_josephine
Orc:2:    grunt_orc_community_town_hall, layout_caves,
          grunt_orc_community_big_house_1, grunt_orc_community_big_house_1,
          grunt_orc_community_house_1, grunt_orc_community_house_2,
          grunt_orc_community_house_1, grunt_orc_community_house_2, uniq_jorgrun

Skill      XL: |  1  2  3  4  5  6  7  8  9 10 11 12 13 |
---------------+----------------------------------------+-----
Fighting       | 4 5 6 8 9 10 12 13 14 15 | 15.0
Stealth        | 1 2 3 4 5 6 7 |  7.2
Axes           | 4 5 6 7 9 11 12 13 | 13.5
Ranged Weapons | 1 2 4 5 6 7 8 10 | 10.8
Maces & Flails | 2 4 6 7 9 |  9.8
Evocations     | 2 3 4 5 7 |  7.1
Armour         | 4 |  4.2
Dodging        | |  2.1

Action                   |  1- 3 |  4- 6 |  7- 9 | 10-12 | 13-15 || total
-------------------------+-------+-------+-------+-------+-------++-------
Melee: Hand axe          |    56 |    51 |    12 |       |       ||   119
       Headbutt          |     8 |     4 |    28 |    69 |     4 ||   113
       Broad axe         |       |       |    37 |       |       ||    37
       Flail             |       |       |    82 |   362 |    15 ||   459
       Punch             |       |       |       |     2 |       ||     2
 Fire: Sling             |    12 |    30 |    45 |    14 |       ||   101
       Arbalest          |       |       |       |   120 |    11 ||   131
Throw: Boomerang         |       |       |    24 |    19 |       ||    43
       Dart              |       |       |       |     4 |       ||     4
Invok: Berserk           |     3 |     4 |     9 |    18 |     1 ||    35
       Trog's Hand       |       |     2 |     7 |    30 |       ||    39
Evoke: Wand              |       |       |     3 |    26 |       ||    29
  Use: Scroll            |     2 |     2 |     2 |    21 |       ||    27
       Potion            |       |       |       |     4 |       ||     4
 Stab: Invisible         |       |       |       |     4 |       ||     4
       Betrayed ally     |       |       |       |     1 |       ||     1
Armor: Animal skin       |     7 |       |       |       |       ||     7
       Scale mail        |    11 |    26 |    63 |    38 |       ||   138
       Plate armour      |       |       |       |   380 |    14 ||   394
Dodge: Dodged            |    36 |    27 |    82 |   295 |     7 ||   447
Block: Buckler           |     6 |     6 |    27 |    17 |       ||    56
       Kite shield       |       |       |       |    26 |       ||    26

Table legend: (Time is in decaauts)
 A = Elapsed time spent in this place.
 B = Non-inter-level travel time spent in this place.
 C = Inter-level travel time spent in this place.
 D = Time resting spent in this place.
 E = Time spent auto-exploring this place.
 F = Levels seen in this place.
 G = Mean time per level.
                   A        B        C        D        E       F      G
               +--------+--------+--------+--------+--------+-----+--------+
         Total |  15582 |  15049 |    533 |   3611 |   7985 |  16 |  973.9 |
       Dungeon |   9628 |   9264 |    364 |   2240 |   5291 |  10 |  962.8 |
          Lair |   2749 |   2696 |     53 |     91 |   2067 |   4 |  687.2 |
  Orcish Mines |   3204 |   3090 |    114 |   1279 |    627 |   2 | 1602.0 |
               +--------+--------+--------+--------+--------+-----+--------+

Top non-repeatable levels by time:
   Orc:2: 2266 daAuts
     D:4: 1642 daAuts
    D:10: 1138 daAuts
     D:9: 1129 daAuts
     D:8: 962 daAuts
   Orc:1: 938 daAuts
     D:7: 930 daAuts
     D:6: 887 daAuts
  Lair:1: 886 daAuts
  Lair:2: 865 daAuts
     D:2: 861 daAuts
     D:3: 850 daAuts
  Lair:3: 837 daAuts
     D:1: 620 daAuts
     D:5: 605 daAuts
